 Dungeon Crawl Stone Soup version 0.28.0-53-g5a82cb258f (webtiles) character file.

Game seed: 1671116057937856179

402 Tirrikindir the Slasher (level 6, -5/43 HPs)
             Began as an Octopode Fighter on Aug 19, 2022.
             Was an Initiate of Gozag.
             Slain by Grinder (6 damage)
             ... on level 4 of the Dungeon.
             The game lasted 00:07:41 (3936 turns).

Tirrikindir the Slasher (Octopode Fighter)          Turns: 3936, Time: 00:07:43

Health: -5/43      AC:  1    Str: 16    XL:     6   Next: 85%
Magic:  15/15      EV: 14    Int: 10    God:    Gozag
Gold:   106        SH:  5    Dex: 13    Spells: 5/5 levels left

rFire   + + .      SeeInvis .   m - +10 short sword "Xamysefa" {holy, rF++}
rCold   . . .      Faith    .   b - +0 buckler
rNeg    . . .      Spirit   .   (helmet restricted)
rPois   .          Reflect  .   (no amulet)
rElec   .          Harm     .   f - ring of magical power
rCorr   .          Rampage  .   (no ring)
Will    .....                   (no ring)
Stlth   +++.......              (no ring)
HPRegen 0.14/turn               (no ring)
MPRegen 0.14/turn               (no ring)
                                (no ring)
                                (no ring)

@: gold aura
A: almost no armour, amphibious, 8 rings, camouflage 1, gelatinous body 1,
(nimble swimmer 1), tentacles
a: Renounce Religion, Potion Petition, Call Merchant, Bribe Branch


You were on level 4 of the Dungeon.
You worshipped Gozag.
Gozag was aware of your devotion.
You visited 2 branches of the dungeon, and saw 5 of its levels.

You collected 194 gold pieces.
You spent 24 gold pieces at shops.
You paid 64 gold pieces to Gozag.

Inventory:

Hand Weapons
 a - a +0 long sword
 m - the +10 short sword "Xamysefa" (weapon) {holy, rF++}
   (You took it off an orc on level 4 of the Dungeon)

   It has been blessed by the Shining One to cause great damage to the undead
   and demons.
   rF:        It greatly protects you from fire.
Missiles
 i - 5 poisoned darts (quivered)
Armour
 b - a +0 buckler (worn)
Jewellery
 c - a ring of magical power
 f - a ring of magical power (left tentacle)
Wands
 d - a wand of iceblast (13)
 l - a wand of acid (5)
Scrolls
 j - a scroll of noise
Potions
 e - a potion of cancellation
 h - 2 potions of flight


   Skills:
 - Level 4.0 Fighting
 * Level 4.4 Long Blades
 - Level 4.0 Dodging
 + Level 4.0 Stealth
 - Level 4.0 Shields


You had 5 spell levels left.
You didn't know any spells.
Your spell library was empty.

Dungeon Overview and Level Annotations

Branches:
Dungeon (4/15)             Temple (1/1) D:4

Altars:
Ashenzari
Elyvilon
Fedhas
Gozag
Hepliaklqana
Kikubaaqudgha
Makhleb
Okawaru
Qazlal
Ru
Sif Muna
Uskayaw
Vehumet
Wu Jian
Xom
Yredelemnul
Zin
The Shining One

Shops:
D:3 ?(

Annotations:
D:4 Grinder, Menkaure, Sigmund


Innate Abilities, Weirdness & Mutations

You cannot wear most types of armour.
You are amphibious.
You can wear up to eight rings at the same time.
Your skin changes colour to match your surroundings (Stealth+).
Your rubbery body absorbs attacks. (AC +1, EV +1)
((You are camouflaged when in or above water. (Stealth+)))
You have tentacles for arms and can constrict up to eight enemies at once.


Message History

Your Stealth skill increases to level 4!
Your Shields skill increases to level 4!
You miss the orc wizard.
The orc wizard is no longer distracted by gold.
Grinder shouts!
The orc shouts!
Your tentacle-slap misses the orc wizard.
Sigmund is no longer distracted by gold.
The orc wizard barely misses you.
A kobold comes into view. It is wielding a +0 dagger.
You closely miss the orc wizard. You squeeze the orc wizard!
The orc wizard is heavily wounded.
The orc is no longer distracted by gold.
A gnoll comes into view. It is wielding a +0 club.
The orc wizard is distracted by your dazzling golden aura.
The hound skeleton is distracted by your dazzling golden aura.
Grinder is no longer distracted by gold.
Grinder hits you.
The orc wizard shouts!
There is a stone staircase leading up here.
You see here 6 gold pieces.
You closely miss Grinder. You squeeze Grinder, but do no damage.
You feel less confused.
The orc wizard is no longer distracted by gold.
The orc is no longer distracted by gold.
The orc hits you with a +0 club.
The orc wizard hits you with a +0 dagger.
Grinder says, "DUCK!"
Grinder gestures at you. Pain shoots through your body!
* * * LOW HITPOINT WARNING * * *
A gnoll comes into view. It is wielding a +0 spear.
Sigmund barely misses you.
You hit Grinder.
Grinder convulses.
Your grab misses Grinder. You squeeze Grinder.
Grinder is moderately wounded.
You block the orc's attack. The orc wizard barely misses you. Grinder hits you.
* * * LOW HITPOINT WARNING * * *
You writhe in agony.
You die...
Your body crumbles into a pile of gold.

....
###.≈.g.Z.##..)........
.....#.#g..(P.##.......#
......g...##..# ...>.##
......#..##........#..#
.....###..##.#.#..#####
......##..##.### .#
........g@##.## #
........Z.....#
........##$@..##..
........##oo5......
....#....Zo......#.
....#.#....Z....... ..>
#.##.........#.# .. ..
..........# # ..
#..#.......# .$.
##.##....... ##. ..#
......8


You could see Grinder, Sigmund, an orc wizard, 2 gnolls, 2 orcs, an adder
skeleton and 2 hound skeletons.

Vanquished Creatures
  A scorpion (D:4)
  A water moccasin zombie (D:4)
  A centaur zombie (D:4)
  A bullfrog zombie (D:4)
  A jelly (D:4)
  An orc priest (D:3)
  Terence (D:3)
  A hound zombie (D:4)
  A hound skeleton (D:4)
  3 adders (D:3)
  An adder skeleton (D:4)
  4 worms
  2 dart slugs
  7 orcs
  5 bats
  3 endoplasms
  4 giant cockroaches
  4 goblins
  6 hobgoblins
  5 quokkas
  6 ball pythons
  2 frilled lizards (D:1)
  7 kobolds
  3 rats
71 creatures vanquished.

Vanquished Creatures (others)
  2 withered plants (D:4)
2 creatures vanquished.

Grand Total: 73 creatures vanquished

Notes
Turn   | Place    | Note
-------+----------+-------------------------------------------
     0 | D:1      | Tirrikindir the Octopode Fighter began the quest for the
                  | Orb.
     0 | D:1      | Reached XP level 1. HP: 16/16 MP: 1/1
    77 | D:1      | Reached XP level 2. HP: 18/21 MP: 2/2
   346 | D:1      | Reached skill level 1 in Stealth
   844 | D:2      | Reached XP level 3. HP: 26/26 MP: 3/3
  1702 | D:3      | Noticed Terence
  1713 | D:3      | Killed Terence
  1714 | D:3      | Reached XP level 4. HP: 16/31 MP: 4/4
  2072 | D:3      | Found Dauq's Weapon Shoppe.
  2091 | D:3      | Reached XP level 5. HP: 20/36 MP: 5/5
  2254 | D:3      | Found Guawn's Magic Scroll Emporium.
  2261 | D:3      | Bought a scroll of identify for 24 gold pieces
  2653 | D:4      | Noticed Menkaure
  2654 | D:4      | Noticed Grinder
  2994 | D:4      | Reached XP level 6. HP: 21/43 MP: 6/6
  3150 | D:4      | Identified the +10 short sword "Xamysefa" {holy, rF++}
  3354 | D:4      | Found a staircase to the Ecumenical Temple.
  3365 | Temple   | Entered the Ecumenical Temple
  3443 | Temple   | Became a worshipper of Gozag Ym Sagoz the Greedy
  3489 | D:4      | Noticed Sigmund
  3936 | D:4      | HP: 1/43 [Grinder (4)]
  3936 | D:4      | Slain by Grinder

Illustrated notes

Levels and vault maps discovered:
D:1:      wander_arrival_peaceful_grave, layout_rooms
D:2:      layout_basic, hex_medium
D:3:      layout_basic, serial_shops, nicolae_shop_advertising_works
          [nicolae_subvault_shop_adworks], nicolae_shop_bloodbath_and_beyond,
          kennysheep_boxes, uniq_terence
D:4:      layout_cave_pools, minmay_temple_entry_stoned_glass, serial_undead,
          serial_undead_c, serial_undead_f, serial_undead_d, serial_undead_f,
          minmay_unequal, uniq_grinder, uniq_sigmund, uniq_menkaure
Temple:   regret_index_temple_mists

Skill      XL: |  1  2  3  4  5  6 |
---------------+-------------------+-----
Stealth        | 1 2 3 4 |  4.0
Long Blades    | 3 4 |  4.4
Dodging        | 4 |  4.0
Fighting       | 4 |  4.0
Shields        | 4 |  4.0

Action                   |  1- 3 |  4- 6 || total
-------------------------+-------+-------++-------
Melee: Long sword        |    60 |    64 ||   124
       Constrict         |    17 |    19 ||    36
       Tentacles         |    10 |    19 ||    29
       Punch             |     1 |     1 ||     2
       Short sword       |       |    14 ||    14
Throw: Dart              |       |     3 ||     3
  Use: Scroll            |     4 |     2 ||     6
       Potion            |       |     5 ||     5
 Stab: Sleeping          |     8 |     3 ||    11
Armor: Skin              |     2 |    11 ||    13
Dodge: Dodged            |    33 |    80 ||   113
Block: Buckler           |    10 |    20 ||    30
